 Dungeon Crawl Stone Soup version 0.22-a0-142-g91cc6d715c (webtiles) character file.

5469 Banto the Covert (level 10, 0/47 HPs)
             Began as a Felid Enchanter on Feb 5, 2018.
             Was a Priest of Sif Muna.
             Slain by a komodo dragon (15 damage)
             ... on level 1 of the Lair of Beasts.
             The game lasted 00:25:44 (15340 turns).

Banto the Covert (Felid Enchanter)                 Turns: 15340, Time: 00:25:44

Health: 0/47       AC:  8    Str:  4    XL:     10   Next: 41%
Magic:  11/14      EV: 26    Int: 20    God:    Sif Muna [***...]
Gold:   724        SH:  0    Dex: 17    Spells: 8/13 levels left
                                        Lives:  0   Deaths: 3

rFire    + . .     SeeInvis +     - Unarmed
rCold    x . .     Gourm    .   (shield unavailable)
rNeg     . . .     Faith    .   (armour unavailable)
rPois    .         Spirit   .   (helmet unavailable)
rElec    .         Reflect  .   (cloak unavailable)
rCorr    .         Harm     .   (gloves unavailable)
MR       +....                  (boots unavailable)
Stlth    ++++++....             D - amulet of magic regeneration
HPRegen  0.15/turn              I - ring of fire
MPRegen  0.14/turn              C - +6 ring of protection

@: quick
A: very small, no armour, no weapons or thrown items, stealth, claws 1, fangs 3,
see invisible, carnivore, speed 1, shaggy fur 2, slow metabolism 1, sharp paws
a: Divine Energy, Channel Magic, Renounce Religion


You were on level 1 of the Lair of Beasts.
You worshipped Sif Muna.
Sif Muna was most pleased with you.
You were not hungry.

You visited 3 branches of the dungeon, and saw 13 of its levels.
You also visited: Labyrinth.

You collected 724 gold pieces.

Inventory:

Missiles
 H - a throwing net
Jewellery
 g - an uncursed ring of poison resistance
 z - an uncursed amulet of regeneration
 C - a +6 ring of protection (right paw)
 D - an amulet of magic regeneration (around neck)
 F - an uncursed ring of protection from cold
 G - an uncursed ring of positive energy
 I - a ring of fire (left paw)
Wands
 f - a wand of paralysis (30)
 k - a wand of digging (6)
 s - a wand of flame (53)
 v - a wand of iceblast (21)
 w - a wand of enslavement (12)
 A - a wand of disintegration (5)
 B - a wand of acid (8)
Scrolls
 a - 3 scrolls of remove curse
 d - 5 scrolls of teleportation
 t - a scroll of fear
 x - 3 scrolls of amnesia
 y - 2 scrolls of identify
Potions
 c - 2 potions of might
 e - 3 potions of berserk rage
 h - a potion of agility
 i - 2 potions of magic
 j - 2 potions of heal wounds
 l - 3 potions of haste
 m - a potion of flight
 n - 2 potions of invisibility
 o - a potion of lignification
 p - 3 potions of curing
 q - 3 potions of brilliance
 u - a potion of ambrosia
 E - a potion of resistance
Books
 r - a book of Conjurations

   Spells                             Type                      Level
   a - Magic Dart                     Conjuration                  1
   b - Searing Ray                    Conjuration                  2
   c - Dazzling Spray                 Conjuration/Hexes            3
   d - Fulminant Prism                Conjuration/Hexes            4
   e - Force Lance                    Conjuration/Translocation    4
   f - Iskenderun's Mystic Blast      Conjuration                  4
Miscellaneous
 J - a phantom mirror
Comestibles
 b - 23 rations


   Skills:
 + Level 7.3 Fighting
 - Level 10.0 Dodging
 + Level 14.1 Stealth
 - Level 12.1 Unarmed Combat
 - Level 2.0 Spellcasting
 - Level 11.1 Hexes


You had 8 spell levels left.
You knew the following spells:

 Your Spells              Type           Power        Failure   Level  Hunger
b - Ensorcelled Hibernat  Hex/Ice        ###...       2%          2    ##.....
c - Confuse               Hex            #####...     1%          3    ###....


Dungeon Overview and Level Annotations

Branches:
Dungeon (11/15)            Temple (1/1) D:4            Lair (1/6) D:11
    Orc: D:9-12

Altars:
Ashenzari
Cheibriados
Dithmenos
Elyvilon
Fedhas
Gozag
Hepliaklqana
Kikubaaqudgha
Makhleb
Nemelex Xobeh
Okawaru
Qazlal
Ru
Sif Muna
Trog
Uskayaw
Vehumet
Wu Jian
Xom
Yredelemnul
Zin
The Shining One

Shops:
D:8 (

Annotations:
D:7 exclusion: ice statue


Innate Abilities, Weirdness & Mutations

You cannot wear armour.
You are incapable of wielding weapons or throwing items.
Your paws allow you to move quietly. (Stealth)
You have sharp claws.
You have razor-sharp teeth.
You have supernaturally acute eyesight. (SInv)
You are carnivorous and can eat meat at any time.
You cover ground quickly.
You are covered in thick fur. (AC +2)
You have a slow metabolism.
Your sharp claws are effective at attacking unaware monsters.


Message History

A komodo dragon comes into view.
You regained 6 hp, and now have 40/47 hp.
You regained 6 mp, and now have 10/14 mp.
A komodo dragon is nearby!
A komodo dragon is nearby!
What are your orders? t - Meow!
Orders for allies: a - Attack new target. r - Retreat! s - Stop attacking. g - Guard the area. f - Follow me.
Anything else - Cancel.
You meow for attention!
The komodo dragon hisses angrily.
The komodo dragon misses you. The komodo dragon closely misses you.
The komodo dragon completely misses you.
The komodo dragon bites you!!
Ouch! That really hurt!
You take 26 damage, and have 15/47 hp.
MASSIVE DAMAGE!!
The komodo dragon bites you!
You die...

..........####...................
...........)...............?.....
..........PPP....................
.........##PP..#####.##..........
.........####..## ###....###..#.
.........# #..P### ###... ##.##
.........## #..##.#P..... #.#
..........# #........... #..
..........# #...@....... ....
.........## #...l....... ..
#####P...# #..##.##P#.. ### #
##..P# #..# ## # #...P# #..#
#...## #..# #...# #.. ##### ###


You could see a komodo dragon.

Vanquished Creatures
  A minotaur (Lab)
  2 two-headed ogres
  The ghost of motoroller71 the Slicer, a novice DsFi of Makhleb (D:8)
  Urug (D:10)
  Nergalle (D:10)
  Pikel (D:7)
  A deep elf mage (D:10)
  Joseph (D:10)
  Maurice (D:8)
  A kobold demonologist (D:11)
  A rime drake (Lair:1)
  A komodo dragon (Lair:1)
  Prince Ribbit (D:5)
  A troll (D:11)
  The ghost of MrRokkomies the Bolt Thrower, an amateur HuHu (D:4)
  Grinder (D:4)
  4 hippogriffs
  A spriggan (D:10)
  2 wyverns
  A wraith (D:11)
  12 yaks
  2 water elementals (D:11)
  A hungry ghost (D:11)
  A soldier ant (D:10)
  2 orc warriors
  3 sky beasts
  6 ice beasts
  2 phantoms
  7 ogres
  A centaur (D:9)
  3 wolves
  A necrophage (D:10)
  Blork the orc (D:3)
  4 big kobolds (D:11)
  10 bullfrogs
  A water moccasin skeleton (D:8)
  3 scorpions
  46 killer bees (D:9)
  7 wights
  3 crimson imps
  4 howler monkeys
  3 centaur zombies
  9 hounds
  4 jellies
  3 orc priests
  A gnoll shaman (D:9)
  Ijyb (D:4)
  An iguana (D:4)
  3 orc wizards
  9 worker ants
  A hound zombie (D:7)
  3 worker ant zombies
  11 gnolls
  8 adders
  2 shadow imps
  An adder zombie (D:8)
  An adder skeleton (D:4)
  5 worms
  A dart slug (D:2)
  5 leopard geckos
  43 orcs
  4 bats
  3 giant cockroaches
  2 goblins
  9 hobgoblins
  16 jackals
  8 quokkas
  A ball python (D:2)
  5 frilled lizards
  14 kobolds
  5 rats
327 creatures vanquished.

Vanquished Creatures (others)
  A hungry ghost (D:7)
  A leopard gecko (D:7)
2 creatures vanquished.

Grand Total: 329 creatures vanquished

Notes
Turn   | Place    | Note
-------+----------+-------------------------------------------
     0 | D:1      | Banto the Felid Enchanter began the quest for the Orb.
     0 | D:1      | Reached XP level 1. HP: 7/7 MP: 4/4
   614 | D:1      | Reached XP level 2. HP: 10/11 MP: 6/6
   618 | D:1      | Learned a level 2 spell: Ensorcelled Hibernation
  1231 | D:2      | Reached XP level 3. HP: 14/14 MP: 4/7
  1243 | D:2      | Learned a level 3 spell: Confuse
  1384 | D:2      | Reached skill level 5 in Hexes
  1809 | D:3      | Reached XP level 4. HP: 8/18 MP: 2/8
  2664 | D:3      | Reached skill level 5 in Stealth
  3447 | D:3      | Reached XP level 5. HP: 18/21 MP: 0/9
  3875 | D:4      | Noticed an ogre
  3878 | D:4      | Noticed Blork the orc
  4699 | D:4      | Found a sacrificial altar of Ru.
  4743 | D:4      | Noticed an ice beast
  5002 | D:4      | Noticed an ogre
  5108 | D:3      | Killed Blork the orc
  5108 | D:3      | Gained mutation: You are covered in thick fur. (AC +2) [Felid growth]
  5108 | D:3      | Reached XP level 6. HP: 16/24 MP: 1/10
  5209 | D:4      | Noticed Grinder
  5219 | D:4      | Found a staircase to the Ecumenical Temple.
  5236 | D:4      | Killed Grinder
  5236 | D:4      | Reached skill level 6 in Stealth
  5236 | D:4      | Reached skill level 5 in Unarmed Combat
  5274 | Temple   | Entered the Ecumenical Temple
  5289 | Temple   | Reached XP level 7. HP: 22/27 MP: 0/11
  5485 | Temple   | Became a worshipper of Sif Muna the Loreminder
  5503 | D:4      | Noticed Ijyb
  5511 | D:4      | Killed Ijyb
  5597 | D:4      | Noticed MrRokkomies's ghost (amateur HuHu)
  5621 | D:4      | Killed MrRokkomies's ghost
  5621 | D:4      | Reached skill level 7 in Stealth
  5670 | D:4      | Mangled by an ogre
  5671 | D:4      | Reached XP level 6. HP: -13/24 MP: 3/10
  5771 | D:4      | Reached XP level 7. HP: 27/27 MP: 8/11
  6016 | D:5      | Entered Level 5 of the Dungeon
  6018 | D:5      | Noticed Prince Ribbit
  6022 | D:5      | Killed Prince Ribbit
  6022 | D:5      | Reached skill level 8 in Stealth
  6141 | D:5      | Found a shadowy altar of Dithmenos.
  6144 | D:5      | Reached XP level 8. HP: 25/31 MP: 12/12
  6225 | D:5      | HP: 1/31 [orc wizard/puff of frost (8)]
  6605 | D:5      | Reached * piety under Sif Muna
  6920 | D:5      | Reached skill level 9 in Stealth
  8262 | D:7      | Noticed Pikel
  8270 | D:7      | Killed Pikel
  8270 | D:7      | Reached skill level 10 in Hexes
  8270 | D:7      | Reached XP level 9. HP: 26/34 MP: 6/13
  8311 | D:7      | Reached skill level 10 in Stealth
  8323 | D:7      | Noticed an ice statue
  8586 | D:7      | Reached ** piety under Sif Muna
  9027 | D:8      | Found Reaveckenk's Antique Weapon Shoppe.
  9066 | D:8      | Reached skill level 10 in Unarmed Combat
  9170 | D:8      | Noticed motoroller71's ghost (novice DsFi)
  9316 | D:8      | Noticed Maurice
  9332 | D:8      | Killed Maurice
  9332 | D:8      | Reached skill level 11 in Stealth
  9389 | D:8      | Killed motoroller71's ghost
  9389 | D:8      | Reached XP level 10. HP: 32/37 MP: 2/14
  9722 | D:9      | Reached skill level 5 in Dodging
 10561 | D:9      | Found a white marble altar of Elyvilon.
 10566 | D:9      | Noticed a two-headed ogre
 10576 | D:9      | Killed a two-headed ogre
 10916 | D:9      | Reached *** piety under Sif Muna
 11038 | D:9      | Reached XP level 11. HP: 39/40 MP: 6/15
 11542 | D:10     | Entered Level 10 of the Dungeon
 11570 | D:10     | Reached skill level 1 in Fighting
 11612 | D:10     | Noticed a deep elf mage
 11620 | D:10     | Killed a deep elf mage
 11620 | D:10     | Reached skill level 10 in Dodging
 11883 | D:10     | Noticed Nergalle
 11894 | D:10     | Killed Nergalle
 12012 | D:10     | Noticed a two-headed ogre
 12016 | D:10     | Killed a two-headed ogre
 12141 | D:10     | Reached skill level 12 in Stealth
 12274 | D:10     | Noticed Urug
 12445 | D:10     | Killed Urug
 12445 | D:10     | Reached skill level 5 in Fighting
 12722 | D:10     | Noticed Joseph
 12993 | D:10     | Killed Joseph
 14037 | D:11     | Reached skill level 13 in Stealth
 14253 | D:11     | Found a staircase to the Lair.
 14429 | D:11     | Mangled by a water elemental
 14430 | D:11     | Reached XP level 10. HP: -7/45 MP: 14/14
 14480 | D:11     | Reached XP level 11. HP: 49/49 MP: 12/15
 14839 | Lair:1   | Entered Level 1 of the Lair of Beasts
 15107 | Lair:1   | Found a labyrinth entrance.
 15116 | Lab      | Entered a labyrinth
 15175 | Lab      | Noticed a minotaur
 15182 | Lab      | Mangled by a minotaur
 15183 | Lab      | Reached XP level 10. HP: -11/47 MP: 0/14
 15253 | Lab      | Killed a minotaur
 15253 | Lab      | Reached skill level 14 in Stealth
 15340 | Lair:1   | Slain by a komodo dragon

Vault maps used:
D:1:      evilmike_arrival_rings, minmay_pentomino_t4
D:3:      serial_forest, infiniplex_forest_end_3,
          infiniplex_forest_lined_corner, infiniplex_forest_side_room,
          infiniplex_forest_corner_1, infiniplex_forest_lined_ring,
          infiniplex_forest_straight_2, infiniplex_forest_pool,
          nrook_loot_triangle
D:4:      minmay_temple_entry_hall, nicolae_ru_awakened_eye, uniq_blork_the_orc,
          uniq_ijyb, uniq_grinder
D:5:      grunt_dithmenos_shadows, first_ration, uniq_prince_ribbit1
D:6:      hangedman_decor_riveting
D:7:      lemuel_ice_statue, uniq_pikel
D:8:      serial_shops, nicolae_shop_stone, uniq_maurice
D:9:      wad_woods_minihive, nicolae_overflow_crystal_walls
D:10:     hangedman_stone_soup, uniq_urug, uniq_joseph, uniq_nergalle
D:11:     erik_lair_island
Temple:   regret_index_temple_chain_breaker
Lair:1:   lab_entry_generic
Lab:      labyrinth_watery, nicolae_lab_statue, nicolae_lab_lava, lab_statue,
          nicolae_lab_big_swirl, lab_fountain, nicolae_lab_garden

Skill      XL: |  1  2  3  4  5  6  7  8  9 10 11 |
---------------+----------------------------------+-----
Unarmed Combat | 2 3 4 5 7 9 10 12 | 12.1
Hexes          | 5 6 8 10 11 | 11.1
Stealth        | 5 6 8 9 11 14 13 | 14.1
Dodging        | 4 9 10 | 10.0
Fighting       | 7 |  7.3
Spellcasting   | |  2.0

Action                   |  1- 3 |  4- 6 |  7- 9 | 10-12 || total
-------------------------+-------+-------+-------+-------++-------
Melee: Unarmed           |    68 |   147 |   213 |   470 ||   898
       Bite              |     3 |    12 |    12 |    23 ||    50
       Punch             |       |       |     8 |    18 ||    26
 Cast: Corona            |     6 |       |       |       ||     6
       Ensorcelled Hiber |    17 |    59 |    49 |   137 ||   262
       Confuse           |       |     7 |    25 |    40 ||    72
Evoke: Wand              |       |       |       |     3 ||     3
  Use: Scroll            |    14 |     2 |     9 |     2 ||    27
       Potion            |     1 |       |     1 |     1 ||     3
 Stab: Sleeping          |    20 |    31 |    48 |    95 ||   194
       Confused          |       |     4 |    14 |    20 ||    38
       Distracted        |       |       |       |     4 ||     4
  Eat: Chunk             |     3 |    16 |    17 |    30 ||    66
Armor: Skin              |     1 |    12 |     6 |    72 ||    91
Dodge: Dodged            |    48 |   148 |   127 |   444 ||   767

Table legend:
 A = Spawn XP
 B = Non-spawn XP
 C = Spawn XP percentage of total XP
 D = Spawn monster count
 E = Non-spawn monster count
 F = Spawn count percentage of total count
 G = Total turns spent on level
                    A         B        C        D         E        F      G
               +---------+---------+-------+---------+---------+-------+---------
         Total |       0 |   25460 |   0.0 |       0 |     327 |   0.0 | 15340
               +---------+---------+-------+---------+---------+-------+---------
           D:1 |       0 |      16 |   0.0 |       0 |      10 |   0.0 |   896
           D:2 |       0 |      48 |   0.0 |       0 |      17 |   0.0 |   966
           D:3 |       0 |     293 |   0.0 |       0 |      33 |   0.0 |  3010
           D:4 |       0 |    1231 |   0.0 |       0 |      25 |   0.0 |  1256
           D:5 |       0 |     822 |   0.0 |       0 |      18 |   0.0 |   672
           D:6 |       0 |     479 |   0.0 |       0 |      16 |   0.0 |  1007
           D:7 |       0 |    1716 |   0.0 |       0 |      24 |   0.0 |   998
           D:8 |       0 |    2191 |   0.0 |       0 |      18 |   0.0 |   590
           D:9 |       0 |    6119 |   0.0 |       0 |      73 |   0.0 |  2100
          D:10 |       0 |    6640 |   0.0 |       0 |      35 |   0.0 |  1899
          D:11 |       0 |    3597 |   0.0 |       0 |      49 |   0.0 |  1228
        Temple |       0 |      72 |   0.0 |       0 |       3 |   0.0 |   217
        Lair:1 |       0 |    1138 |   0.0 |       0 |       5 |   0.0 |   352
           Lab |       0 |    1098 |   0.0 |       0 |       1 |   0.0 |   149
               +---------+---------+-------+---------+---------+-------+---------

Table legend:
 A = Turns spent in this place as a percentage of turns spent in the entire game.
 B = Non-inter-level travel turns spent in this place as a percentage of non-inter-level travel turns spent in the entire game.
 C = Inter-level travel turns spent in this place as a percentage of turns spent in this place.
 D = Turns resting spent in this place as a percentage of non-inter-level travel turns spent in this place.
 E = Turns spent auto-exploring this place as a percentage of non-inter-level travel turns spent in this place.
 F = Non-inter-level travel turns spent in this place divided by the number of levels of this place that you've seen.
                   A       B       C       D       E      F
               +-------+-------+-------+-------+-------+----------------------
         Total | 100.0 | 100.0 |   3.5 |  36.5 |  37.5 | 1057.1
       Dungeon |  95.3 |  95.5 |   3.4 |  37.9 |  37.2 | 1284.5
        Temple |   1.4 |   1.3 |   8.8 |  23.7 |  60.6 | 198.0
          Lair |   2.3 |   2.2 |   8.0 |   0.0 |  51.2 | 324.0
     Labyrinth |   1.0 |   1.0 |   0.0 |   0.0 |   0.0 | 149.0
               +-------+-------+-------+-------+-------+----------------------

Table legend:
 A = Kills in this place as a percentage of kills in entire the game.
 B = Kills by you in this place as a percentage of kills by you in the entire game.
 C = Kills by friends in this place as a percentage of kills by friends in the entire game.
 D = Other kills in this place as a percentage of other kills in the entire game.
 E = Experience gained in this place as a percentage of experience gained in the entire game.
 F = Experience gained in this place divided by the number of levels of this place that you have seen.
                   A       B       C       D       E      F
               +-------+-------+-------+-------+-------+----------------------
         Total | 100.0 | 100.0 |   N/A | 100.0 | 100.0 | 1818.6
       Dungeon |  97.2 |  97.2 |   N/A | 100.0 |  90.9 | 2104.7
        Temple |   0.9 |   0.9 |   N/A |   0.0 |   0.3 |  72.0
          Lair |   1.5 |   1.5 |   N/A |   0.0 |   4.5 | 1138.0
     Labyrinth |   0.3 |   0.3 |   N/A |   0.0 |   4.3 | 1098.0
               +-------+-------+-------+-------+-------+----------------------
